TOP OF THE 1ST |
Philadelphia (WIN) Phillies batting - Pitching for Houston (WIN) Astros : RHP Andy Harrigan
|
Pitching: RHP Andy Harrigan
|
|
Batting: RHB Tony Perez
|
0-0: Called Strike 0-1: Ball 1-1: SINGLE (Groundball, 4, EV 95.0 MPH)
|
Batting: LHB Rich Kuehne
|
0-0: Swinging Strike 0-1: Foul Ball, location: 2F 0-2: Ball 1-2: Ball 2-2: Strikes out looking
|
Batting: RHB Guan-pei Gao
|
0-0: Called Strike 0-1: Swinging Strike 0-2: Ball 1-2: Ball 2-2: Ball 3-2: Base on Balls Tony Perez to second
|
Batting: LHB Jean-Claude Vanbiesbrouck
|
0-0: Ball Tony Perez steals 3rd base 1-0: Ball 2-0: Ball 3-0: Base on Balls Guan-pei Gao to second
|
Batting: RHB Mike Bell
|
0-0: Called Strike 0-1: Ball 1-1: Called Strike 1-2: Ball 2-2: Strikes out swinging
|
Batting: RHB Chris Myers
|
0-0: Ball 1-0: Ball 2-0: Foul Ball, location: 2F 2-1: Foul Ball, location: 2F 2-2: Foul Ball, location: 2F 2-2: Foul Ball, location: 2F 2-2: Ground out 6-3 (Groundball, 6S, EV 68.1 MPH)
|
Top of the 1st over - 0 runs, 1 hit, 0 errors, 3 left on base; Philadelphia (WIN) 0 - Houston (WIN) 0 |
BOTTOM OF THE 1ST |
Houston (WIN) Astros batting - Pitching for Philadelphia (WIN) Phillies : RHP Tony Ferreira
|
Pitching: RHP Tony Ferreira
|
|
Batting: LHB Bob Dietz
|
0-0: Ball 1-0: Ball 2-0: Called Strike 2-1: Foul Ball, location: 2F 2-2: Strikes out swinging
|
Batting: LHB Josh Corkery
|
0-0: Ball 1-0: Called Strike 1-1: Ground out 1-3 (Groundball, 13S, EV 55.6 MPH)
|
Batting: SHB Paskar Adegoke
|
0-0: Ball 1-0: Ball 2-0: Ball 3-0: Foul Ball, location: 2F 3-1: Base on Balls
|
Batting: RHB Elijah Hunter
|
0-0: Swinging Strike 0-1: Foul Ball, location: 2F 0-2: Ball 1-2: Foul Ball, location: 2F 1-2: Foul Ball, location: 2F 1-2: Fly out, F9 (Line Drive, 9D, EV 92.5 MPH)
|
Bottom of the 1st over - 0 runs, 0 hits, 0 errors, 1 left on base; Philadelphia (WIN) 0 - Houston (WIN) 0 |
TOP OF THE 2ND |
Philadelphia (WIN) Phillies batting - Pitching for Houston (WIN) Astros : RHP Andy Harrigan
|
Batting: RHB Alan Weller
|
0-0: Ball 1-0: Foul Ball, location: 2F 1-1: Ball 2-1: Foul Ball, location: 2F 2-2: Strikes out swinging
|
Batting: RHB Jake Cox
|
0-0: Foul Ball, location: 2F 0-1: Called Strike 0-2: DOUBLE (Line Drive, 9LM, EV 106.9 MPH)
|
Batting: RHB Teh-huai Jiang
|
0-0: Ball 1-0: Foul Ball, location: 2F 1-1: Foul Ball, location: 2F 1-2: Foul Ball, location: 2F 1-2: Ground out 5-3 (Groundball, 56, EV 90.0 MPH)
|
Batting: RHB Tony Perez
|
0-0: Fly out, F9 (Flyball, 9LMF, EV 90.0 MPH)
|
Top of the 2nd over - 0 runs, 1 hit, 0 errors, 1 left on base; Philadelphia (WIN) 0 - Houston (WIN) 0 |
BOTTOM OF THE 2ND |
Houston (WIN) Astros batting - Pitching for Philadelphia (WIN) Phillies : RHP Tony Ferreira
|
Batting: LHB Jimmy Edlin
|
0-0: Ball 1-0: Ball 2-0: Foul Ball, location: 2F 2-1: Ball 3-1: Base on Balls
|
Batting: LHB Mark Dearth
|
0-0: Ball 1-0: Ball 2-0: Called Strike 2-1: Ball 3-1: Called Strike 3-2: Grounds into double play, 6-4-3 (Groundball, 6, EV 90.0 MPH)
|
Batting: RHB Alex Campos
|
0-0: Called Strike 0-1: Ball 1-1: Ball 2-1: SINGLE (Groundball, 6D, EV 93.8 MPH)
|
Batting: LHB Bob Govella
|
0-0: Ball 1-0: Called Strike 1-1: Ball 2-1: Ball 3-1: Base on Balls Alex Campos to second
|
Batting: LHB Glenn Lowther
|
0-0: Ball 1-0: Foul Ball, location: 2F 1-1: Foul Ball, location: 2F 1-2: SINGLE (Line Drive, 4M, EV 106.9 MPH) Alex Campos to third Bob Govella to second
|
Batting: LHB Bob Dietz
|
0-0: Swinging Strike 0-1: Fielders Choice at 2nd, U6 (Groundball, 6M, EV 83.1 MPH)
|
Bottom of the 2nd over - 0 runs, 2 hits, 0 errors, 3 left on base; Philadelphia (WIN) 0 - Houston (WIN) 0 |
TOP OF THE 3RD |
Philadelphia (WIN) Phillies batting - Pitching for Houston (WIN) Astros : RHP Andy Harrigan
|
Batting: LHB Rich Kuehne
|
0-0: Ball 1-0: Ball 2-0: Called Strike 2-1: Swinging Strike 2-2: Ball 3-2: Foul Ball, location: 2F 3-2: Ground out 5-3 (Groundball, 5, EV 82.5 MPH)
|
Batting: RHB Guan-pei Gao
|
0-0: Ball 1-0: Ground out 5-3 (Groundball, 25, EV 92.5 MPH)
|
Batting: LHB Jean-Claude Vanbiesbrouck
|
0-0: Ball 1-0: Ball 2-0: Called Strike 2-1: Swinging Strike 2-2: Ball 3-2: Strikes out swinging
|
Top of the 3rd over - 0 runs, 0 hits, 0 errors, 0 left on base; Philadelphia (WIN) 0 - Houston (WIN) 0 |
BOTTOM OF THE 3RD |
Houston (WIN) Astros batting - Pitching for Philadelphia (WIN) Phillies : RHP Tony Ferreira
|
Batting: LHB Josh Corkery
|
0-0: Ball 1-0: Ball 2-0: Ball 3-0: Base on Balls
|
Batting: SHB Paskar Adegoke
|
0-0: Ball Wild Pitch! Josh Corkery to second 1-0: Ball 2-0: Ball 3-0: Called Strike 3-1: Ground out 1-3 (Groundball, 34S, EV 74.4 MPH) Josh Corkery to third
|
Batting: RHB Elijah Hunter
|
0-0: Ball 1-0: Ground out 4-3 (Groundball, 4MD, EV 88.8 MPH) Josh Corkery scores
|
Batting: LHB Jimmy Edlin
|
0-0: Called Strike 0-1: Foul Ball, location: 2F 0-2: Foul Ball, location: 2F 0-2: Ball 1-2: Foul Ball, location: 2F 1-2: Ball 2-2: Fly out, F7 (Flyball, 7S, EV 87.5 MPH)
|
Bottom of the 3rd over - 1 run, 0 hits, 0 errors, 0 left on base; Philadelphia (WIN) 0 - Houston (WIN) 1 |
TOP OF THE 4TH |
Philadelphia (WIN) Phillies batting - Pitching for Houston (WIN) Astros : RHP Andy Harrigan
|
Batting: RHB Mike Bell
|
0-0: Ball 1-0: Ball 2-0: Ball 3-0: Called Strike 3-1: Ground out 5-3 (Groundball, 56S, EV 77.5 MPH)
|
Batting: RHB Chris Myers
|
0-0: Called Strike 0-1: Ball 1-1: Called Strike 1-2: Foul Ball, location: 2F 1-2: Ground out 5-3 (Groundball, 56, EV 103.8 MPH)
|
Batting: RHB Alan Weller
|
0-0: Ball 1-0: Ball 2-0: Called Strike 2-1: Ball 3-1: Called Strike 3-2: Fly out, F6 (Popup, 6MS, EV 80.6 MPH)
|
Top of the 4th over - 0 runs, 0 hits, 0 errors, 0 left on base; Philadelphia (WIN) 0 - Houston (WIN) 1 |
BOTTOM OF THE 4TH |
Houston (WIN) Astros batting - Pitching for Philadelphia (WIN) Phillies : RHP Tony Ferreira
|
Batting: LHB Mark Dearth
|
0-0: Ball 1-0: Ball 2-0: Ball 3-0: Called Strike 3-1: Foul Ball, location: 2F 3-2: Base on Balls
|
Batting: RHB Alex Campos
|
0-0: Fly out, F9 (Flyball, 9S, EV 78.1 MPH)
|
Batting: LHB Bob Govella
|
0-0: Ball 1-0: Ball 2-0: Called Strike 2-1: Ball 3-1: Base on Balls Mark Dearth to second
|
Batting: LHB Glenn Lowther
|
0-0: Swinging Strike 0-1: Ball 1-1: Fielders Choice at 2nd, 5-4 (Groundball, 56, EV 105.6 MPH) Mark Dearth to third
|
Batting: LHB Bob Dietz
|
0-0: Ball 1-0: Ground out 5-3 (Groundball, 56, EV 110.0 MPH)
|
Bottom of the 4th over - 0 runs, 0 hits, 0 errors, 2 left on base; Philadelphia (WIN) 0 - Houston (WIN) 1 |
TOP OF THE 5TH |
Philadelphia (WIN) Phillies batting - Pitching for Houston (WIN) Astros : RHP Andy Harrigan
|
Batting: RHB Jake Cox
|
0-0: Ball 1-0: Ball 2-0: Ground out 4-3 (Groundball, 4, EV 89.4 MPH)
|
Batting: RHB Teh-huai Jiang
|
0-0: Foul Ball, location: 2F 0-1: Foul Ball, location: 2F 0-2: Strikes out swinging
|
Batting: RHB Tony Perez
|
0-0: Ball 1-0: Fly out, F6 (Popup, 6, EV 61.9 MPH)
|
Top of the 5th over - 0 runs, 0 hits, 0 errors, 0 left on base; Philadelphia (WIN) 0 - Houston (WIN) 1 |
BOTTOM OF THE 5TH |
Houston (WIN) Astros batting - Pitching for Philadelphia (WIN) Phillies : RHP Tony Ferreira
|
Batting: LHB Josh Corkery
|
0-0: Called Strike 0-1: Ball 1-1: Ball 2-1: Foul Ball, location: 2F 2-2: Foul Ball, location: 2F 2-2: Ball 3-2: Base on Balls
|
Batting: SHB Paskar Adegoke
|
0-0: Ball 1-0: Grounds into double play, 4-6-3 (Groundball, 4M, EV 81.9 MPH)
|
Batting: RHB Elijah Hunter
|
0-0: Ball 1-0: Ball 2-0: Called Strike 2-1: Called Strike 2-2: Foul Ball, location: 2F 2-2: Strikes out swinging
|
Bottom of the 5th over - 0 runs, 0 hits, 0 errors, 0 left on base; Philadelphia (WIN) 0 - Houston (WIN) 1 |
TOP OF THE 6TH |
Philadelphia (WIN) Phillies batting - Pitching for Houston (WIN) Astros : RHP Andy Harrigan
|
Batting: LHB Rich Kuehne
|
0-0: Called Strike 0-1: Ball 1-1: Called Strike 1-2: Strikes out swinging
|
Batting: RHB Guan-pei Gao
|
0-0: Ball 1-0: Ball 2-0: Called Strike 2-1: Swinging Strike 2-2: Strikes out swinging, 2-3 out at first.
|
Batting: LHB Jean-Claude Vanbiesbrouck
|
0-0: Swinging Strike 0-1: Called Strike 0-2: Ball 1-2: Strikes out looking
|
Top of the 6th over - 0 runs, 0 hits, 0 errors, 0 left on base; Philadelphia (WIN) 0 - Houston (WIN) 1 |
BOTTOM OF THE 6TH |
Houston (WIN) Astros batting - Pitching for Philadelphia (WIN) Phillies : RHP Tony Ferreira
|
Pitching: RHP Ian Savary
|
|
Batting: LHB Jimmy Edlin
|
0-0: Ground out 6-3 (Groundball, 6, EV 103.8 MPH)
|
Batting: LHB Mark Dearth
|
0-0: Ball 1-0: Ball 2-0: Ball 3-0: Base on Balls
|
Batting: RHB Alex Campos
|
0-0: Called Strike 0-1: Swinging Strike 0-2: SINGLE (Groundball, 6D, EV 111.9 MPH) Mark Dearth to second
|
Batting: LHB Bob Govella
|
0-0: Called Strike 0-1: Ball 1-1: Swinging Strike 1-2: Strikes out swinging
|
Batting: LHB Glenn Lowther
|
0-0: Ball 1-0: Called Strike 1-1: Ball 2-1: Fly out, F8 (Flyball, 89M, EV 79.4 MPH)
|
Bottom of the 6th over - 0 runs, 1 hit, 0 errors, 2 left on base; Philadelphia (WIN) 0 - Houston (WIN) 1 |
TOP OF THE 7TH |
Philadelphia (WIN) Phillies batting - Pitching for Houston (WIN) Astros : RHP Andy Harrigan
|
Batting: RHB Mike Bell
|
0-0: Foul Ball, location: 2F 0-1: Foul Ball, location: 2F 0-2: Ball 1-2: Ball 2-2: SINGLE (Line Drive, 4MD, EV 96.2 MPH)
|
Batting: RHB Chris Myers
|
0-0: Ball 1-0: Ball 2-0: Bunted foul 2-1: Sac Bunt to P - play at first, batter OUT! 1-3 Mike Bell to second
|
Batting: RHB Alan Weller
|
Balk! Mike Bell to third 0-0: Ball 1-0: SINGLE (Groundball, 4MD, EV 101.2 MPH) Mike Bell scores
|
Pitching: RHP Elroy Meulenkamp
|
|
Pinch Hitting: SHB Brett St. Clair
|
0-0: Ball 1-0: Ball 2-0: Grounds out, U3 (Groundball, 3L, EV 98.1 MPH)
|
Batting: LHB Matt Urbanek
|
0-0: Ball 1-0: Foul Ball, location: 2F 1-1: Foul Ball, location: 2F 1-2: Ball 2-2: Foul Ball, location: 2F 2-2: Fly out, F8 (Flyball, 8LS, EV 86.2 MPH)
|
Top of the 7th over - 1 run, 2 hits, 0 errors, 1 left on base; Philadelphia (WIN) 1 - Houston (WIN) 1 |
BOTTOM OF THE 7TH |
Houston (WIN) Astros batting - Pitching for Philadelphia (WIN) Phillies : RHP Ian Savary
|
Now at SS: Eric Farren
|
|
Batting: LHB Bob Dietz
|
0-0: Called Strike 0-1: Ball 1-1: Swinging Strike 1-2: Foul Ball, location: 2F 1-2: Strikes out looking
|
Batting: LHB Josh Corkery
|
0-0: Foul Ball, location: 2F 0-1: Ball 1-1: Ground out 3-1 (Groundball, 34, EV 85.6 MPH)
|
Batting: SHB Paskar Adegoke
|
0-0: Foul Ball, location: 2F 0-1: SOLO HOME RUN (Flyball, 9D, EV 96.2 MPH), Distance : 348 ft
|
Batting: RHB Elijah Hunter
|
0-0: Foul Ball, location: 2F 0-1: Ball 1-1: Ball 2-1: Swinging Strike 2-2: Foul Ball, location: 2F 2-2: Ground out 5-3 (Groundball, 5D, EV 102.5 MPH)
|
Bottom of the 7th over - 1 run, 1 hit, 0 errors, 0 left on base; Philadelphia (WIN) 1 - Houston (WIN) 2 |
TOP OF THE 8TH |
Philadelphia (WIN) Phillies batting - Pitching for Houston (WIN) Astros : RHP Elroy Meulenkamp
|
Batting: RHB Tony Perez
|
0-0: Called Strike 0-1: Ball 1-1: Called Strike 1-2: Strikes out swinging
|
Batting: LHB Rich Kuehne
|
0-0: Swinging Strike 0-1: Ball 1-1: Foul Ball, location: 2F 1-2: Ball 2-2: Strikes out swinging
|
Batting: RHB Guan-pei Gao
|
0-0: Foul Ball, location: 2F 0-1: Called Strike 0-2: Ball 1-2: Ground out 4-3 (Groundball, 4, EV 105.0 MPH)
|
Top of the 8th over - 0 runs, 0 hits, 0 errors, 0 left on base; Philadelphia (WIN) 1 - Houston (WIN) 2 |
BOTTOM OF THE 8TH |
Houston (WIN) Astros batting - Pitching for Philadelphia (WIN) Phillies : RHP Ian Savary
|
Pitching: LHP Mike Aldrich
|
|
Pinch Hitting: RHB Kieron Clark
|
0-0: Ball 1-0: Ball 2-0: Ball 3-0: Base on Balls
|
Batting: LHB Mark Dearth
|
0-0: Ball 1-0: Foul Ball, location: 2F 1-1: DOUBLE (Line Drive, 7LS, EV 90.6 MPH) Kieron Clark to third
|
Batting: RHB Alex Campos
|
0-0: Intentional Walk
|
Batting: LHB Bob Govella
|
0-0: SINGLE (Line Drive, 8LS, EV 93.8 MPH) Kieron Clark scores Mark Dearth to third Alex Campos to second
|
Batting: LHB Glenn Lowther
|
0-0: Called Strike 0-1: Foul Ball, location: 2F 0-2: Ball 1-2: Foul Ball, location: 2F 1-2: Grounds into fielders choice 5-2 (Groundball, 56S, EV 94.4 MPH) Alex Campos to third Bob Govella to second
|
Batting: LHB Bob Dietz
|
0-0: Called Strike 0-1: SINGLE (Groundball, 34, EV 94.4 MPH) Alex Campos scores Bob Govella to third Glenn Lowther to second
|
Batting: LHB Josh Corkery
|
0-0: Ball 1-0: Called Strike 1-1: Ball 2-1: Grounds into double play, 4-2-3 (Groundball, 4, EV 95.0 MPH)
|
Bottom of the 8th over - 2 runs, 3 hits, 0 errors, 2 left on base; Philadelphia (WIN) 1 - Houston (WIN) 4 |
TOP OF THE 9TH |
Philadelphia (WIN) Phillies batting - Pitching for Houston (WIN) Astros : RHP Elroy Meulenkamp
|
Pitching: RHP Bobby Leija
|
|
Now at 1B: Andrew Pride
|
|
Batting: LHB Jean-Claude Vanbiesbrouck
|
0-0: Ball 1-0: Ball 2-0: Ball 3-0: Called Strike 3-1: Foul Ball, location: 2F 3-2: Fly out, F8 (Flyball, 8RS, EV 78.1 MPH)
|
Batting: RHB Mike Bell
|
0-0: Ball 1-0: Called Strike 1-1: Swinging Strike 1-2: Ball 2-2: Strikes out swinging
|
Batting: RHB Chris Myers
|
0-0: Fly out, F9 (Flyball, 9LS, EV 96.9 MPH)
|
Top of the 9th over - 0 runs, 0 hits, 0 errors, 0 left on base; Philadelphia (WIN) 1 - Houston (WIN) 4 |
|